 Dungeon Crawl Stone Soup version 0.31-a0-858-g469dc525a8 (webtiles) character file.

Game seed: 3223334617586580982

168 BinkBink the Chopper (level 5, -3/42 HPs)
             Began as a Demonspawn Monk on Oct 9, 2023.
             Killed by divine providence
             ... invoked by an orc priest
              (8 damage)
             ... on level 3 of the Dungeon.
             The game lasted 00:05:26 (2908 turns).

BinkBink the Chopper (Demonspawn Monk)              Turns: 2908, Time: 00:05:27

Health: -3/42      AC:  3    Str: 10 (13) XL:     5   Next: 23%
Magic:  5/5        EV: 13    Int: 12      God:
Gold:   144        SH:  0    Dex: 14 (15) Spells: 4/4 levels left

rFire   . . .        a - +0 hand axe
rCold   . . .        d - orb {light}
rNeg    . . .        b - +0 robe
rPois   .            q - +0 helmet
rElec   .            (no cloak)
rCorr   .            (no gloves)
SInv    .            (no boots)
Will    .....        (no amulet)
Stlth   +            (no ring)
HPRegen 0.27/turn    (no ring)
MPRegen 0.09/turn

%: no passive effects
@: glowing
A: claws 1, demonic magic 1
a: no special abilities


You were on level 3 of the Dungeon.
You visited 1 branch of the dungeon, and saw 4 of its levels.

You collected 144 gold pieces.

Inventory:

Hand Weapons
 a - a +0 hand axe (weapon)
Armour
 b - a +0 robe (worn)
 d - an orb of light (worn)
 q - a +0 helmet (worn)
Talismans
 f - a beast talisman
Wands
 o - a wand of roots (6)
Scrolls
 c - a scroll of enchant armour {unknown}
 i - 2 scrolls of identify {unknown}
 l - a scroll of teleportation {unknown}
 m - 3 scrolls of fog {unknown}
 p - a scroll of silence {unknown}
Potions
 e - 3 potions of curing
 g - a potion of degeneration
 h - a potion of experience {unknown}
 j - a potion of might {unknown}
 k - a potion of magic {unknown}
 n - a potion of mutation {unknown}


   Skills:
 + Level 3.9 Fighting
 * Level 4.3 Axes
 + Level 3.5 Dodging


You had 4 spell levels left.
You didn't know any spells.
Your spell library was empty.

Dungeon Overview and Level Annotations

Branches:
Dungeon (4/15)
 Temple: D:4-7

Altars:

Annotations:
D:2 1 runed translucent door, Crazy Yiuf


Innate Abilities, Weirdness & Mutations

You have sharp fingernails.
Spells you cast may paralyse adjacent enemies.


Message History

Your library has no spells.
The orc priest calls down the wrath of Beogh upon you.
Beogh smites you!
You climb upwards.
There is a stone staircase leading down, spattered with blood here.
You hit the orc priest.
The orc priest is lightly wounded.
The orc priest casts a cantrip, but nothing happens.
You hit the orc priest but do no damage.
The orc priest is lightly wounded.
The orc priest hits you with a +0 flail.
You hit the orc priest.
The orc priest is moderately wounded.
The orc priest mumbles some strange prayers to Beogh against you.
Beogh smites you!
You are too injured to fight recklessly!
You are too injured to fight recklessly!
You hit the orc priest.
The orc priest is heavily wounded.
The orc priest barely misses you.
You hit the orc priest.
The orc priest is severely wounded.
The orc priest hits you with a +0 flail.
* * * LOW HITPOINT WARNING * * *
You barely miss the orc priest.
The orc priest is severely wounded.
The orc priest hits you but does no damage.
You barely miss the orc priest.
The orc priest is severely wounded.
The orc priest casts a cantrip, but nothing happens.
You barely miss the orc priest.
The orc priest is severely wounded.
The orc priest mumbles some strange prayers to Beogh against you.
Pain shoots through your body!
* * * LOW HITPOINT WARNING * * *
You hit the orc priest.
The orc priest is severely wounded.
The orc priest mumbles some strange prayers to Beogh against you.
Beogh smites you!
You die...

#......#######..#........
#####......#...........#.....
#..........#....##.......##..
#...................)....###.
#.................######..#..
#...........#####.### ##....
#...........# #...# ###..
#...........### ###.# #..
#...........@.#####.#######..
#..........o#..[.))..).......
#.......)...#..)(#######.....
#......)......##.# ###...
#####.#.####...#>#### ##..
#.#.# #.#......#########
#.#.# #.###.........# #.#.#
##.####.....#..## ###.#.#
#.......#...##<.##


You could see an orc priest.

Vanquished Creatures
  An iguana (D:3)
  Robin (D:3)
  3 adders
  4 worms (D:2)
  2 dart slugs (D:2)
  5 orcs
  5 ball pythons
  3 bats
  7 endoplasms
  A giant cockroach (D:2)
  16 goblins
  8 hobgoblins
  6 jackals (D:2)
  4 kobolds
  2 quokkas
  4 frilled lizards
  3 rats (D:3)
  A spectral kobold (D:3)
76 creatures vanquished.

Notes
Turn   | Place    | Note
-------+----------+-------------------------------------------
     0 | D:1      | BinkBink the Demonspawn Monk began the quest for the Orb.
     0 | D:1      | Reached XP level 1. HP: 18/18 MP: 1/1
   208 | D:1      | Reached skill level 3 in Axes
   208 | D:1      | Gained mutation: Spells you cast may paralyse adjacent
                  | enemies. [demonic ancestry]
   208 | D:1      | Reached XP level 2. HP: 24/24 MP: 2/2
   915 | D:2      | Reached XP level 3. HP: 7/29 MP: 3/3
  1178 | D:2      | Found a runed translucent door.
  1179 | D:2      | Noticed Crazy Yiuf
  1399 | D:2      | Gained mutation: You have sharp fingernails. [demonic
                  | ancestry]
  1399 | D:2      | Reached XP level 4. HP: 8/35 MP: 4/4
  2223 | D:3      | Reached skill level 4 in Axes
  2246 | D:3      | Noticed Robin
  2258 | D:3      | Killed Robin
  2362 | D:3      | Reached XP level 5. HP: 22/42 MP: 5/5
  2458 | D:3      | Found a faded altar of an unknown god.
  2908 | D:3      | Killed from afar by an orc priest

Illustrated notes

Levels and vault maps discovered:
D:1:      pf_arrival_petrified_forest, layout_loops_cross, minmay_misc_feat_x
D:2:      layout_rooms, uniq_crazy_yiuf_cottage
D:3:      layout_rooms, dreamdust_ecumenical_altar_drowned_temple, uniq_robin
D:4:      layout_rooms, minmay_temple_entry_poolview, uniq_blork_the_orc

Skill      XL: |  1  2  3  4 |
---------------+-------------+-----
Axes           | 3 4 |  4.3
Dodging        | 3 |  3.5
Fighting       | |  3.9

Action                     |  1- 3 |  4- 6 || total
---------------------------+-------+-------++-------
  Melee: Hand axe          |   116 |   123 ||   239
    Use: Potion            |     1 |     4 ||     5
 Armour: Robe              |    49 |    84 ||   133
  Dodge: Dodged            |    76 |    82 ||   158

Table legend: (Time is in decaauts)
 A = Elapsed time spent in this place.
 B = Non-inter-level travel time spent in this place.
 C = Inter-level travel time spent in this place.
 D = Time resting spent in this place.
 E = Time spent auto-exploring this place.
 F = Levels seen in this place.
 G = Mean time per level.
                   A        B        C        D        E       F      G
               +--------+--------+--------+--------+--------+-----+--------+
         Total |   2948 |   2799 |    149 |    231 |   1989 |   4 |  737.0 |
       Dungeon |   2948 |   2799 |    149 |    231 |   1989 |   4 |  737.0 |
               +--------+--------+--------+--------+--------+-----+--------+

Top non-repeatable levels by time:
     D:2: 1090 daAuts
     D:3: 870 daAuts
     D:1: 838 daAuts
     D:4: 150 daAuts
